Kings vs Predators
Created - January 20, 2022 at 19:03
Goals
|
Kings |
1 |
1 |
2 |
0 |
4 |
Predators |
1 |
2 |
1 |
1 |
5 |
|
Shots
|
Kings |
6 |
14 |
15 |
1 |
36 |
Predators |
9 |
9 |
12 |
2 |
32 |
|
1st period
1. Predators , Chris Higgins 2 (Jack Eichel 5, Ryan Mcdonagh 13) at 3:59
2. Kings , Joe Pavelski 6 (Anze Kopitar 11, Jonathan Drouin 8) at 19:01
Penalties :
No Penalty
2nd period
3. Kings , Nathan MacKinnon 8 (Gabriel Landeskog 10, Mikko Rantanen 3) at 15:21 (PP)
4. Predators , Jack Eichel 4 (Alexander Ovechkin 10) at 16:40
5. Predators , Alexander Edler 4 (Mikael Granlund 14, Alexander Ovechkin 11) at 17:56 (PP)
Penalties :
Justin Faulk (Nas) for Holding (Minor) at 7:05, Justin Abdelkader (Nas) for Slashing (Minor) at 15:08, Mikael Granlund (Nas) for High sticking (Minor) at 15:28, Colton Parayko (L.A) for Hooking (Minor) at 16:36
3rd period
6. Kings , Colton Parayko 4 (Anze Kopitar 12, Joe Pavelski 5) at 12:10
7. Predators , Andy Miele 9 (Mikael Granlund 15, Alexander Ovechkin 12) at 13:27 (PP)
8. Kings , Henrik Sedin 8 (Seth Jones 16) at 15:44
Penalties :
Brad Boyes (Nas) for Hooking (Minor) at 5:37, Brayden Point (L.A) for Hooking (Minor) at 13:17, Chris Higgins (Nas) for Interference (Minor) at 17:26
Overtime #1
9. Predators , Jaden Schwartz 7 (Alexander Edler 11) at 1:33
Penalties :
No Penalty
Goalie Stats
Cory Schneider (L.A), 27 saves from 32 shots - (0.844), OTL, 6-7-3, 61:33 minutes
Jaroslav Halak (Nas), 32 saves from 36 shots - (0.889), W, 4-5-0, 61:33 minutes
Players Stats for Kings
Player Name G A P +/- PIM S H SB GA TA FO MP PP MP PK MP
------------------------------------------------------------------------------------
Aaron Ekblad 0 0 0 -1 0 2 0 1 1 2 0/0 24:07 4:59 0:00
Alex Iafallo 0 0 0 -1 0 1 2 0 0 0 1/1 8:05 0:00 0:00
Anze Kopitar 0 2 2 1 0 3 0 1 2 1 11/19 20:03 2:19 0:10
Brayden Point 0 0 0 -1 2 1 0 0 0 0 0/0 10:38 3:00 0:00
Colton Parayko 1 0 1 1 2 6 0 0 0 0 0/0 26:14 2:18 0:10
Eric Gryba 0 0 0 0 0 1 0 0 0 1 0/0 12:20 0:00 0:00
Gabriel Landeskog 0 1 1 -1 0 0 3 0 0 0 1/3 21:56 4:18 0:00
Henrik Sedin 1 0 1 1 0 1 1 0 0 0 5/9 13:52 0:00 0:00
Joe Pavelski 1 1 2 1 0 3 1 0 0 0 4/4 16:19 0:00 0:39
Jonathan Drouin 0 1 1 2 0 2 1 0 0 1 1/2 17:30 3:00 0:00
Mikko Rantanen 0 1 1 0 0 1 1 1 0 3 0/0 19:46 4:18 0:00
Nathan MacKinnon 1 0 1 -1 0 4 2 1 0 0 7/22 20:35 4:18 0:29
Nikita Zaitsev 0 0 0 0 0 1 0 0 0 0 0/0 13:08 0:00 0:39
Raphael Diaz 0 0 0 0 0 1 4 0 0 1 0/0 22:00 0:00 0:29
Sergei Shirokov 0 0 0 1 0 1 1 0 0 1 0/1 13:18 0:00 0:00
Seth Jones 0 1 1 0 0 5 2 1 0 0 0/0 21:01 4:59 0:00
Tim Connolly 0 0 0 -1 0 1 0 0 1 0 0/1 8:06 0:00 0:00
Viktor Arvidsson 0 0 0 1 0 2 1 0 0 0 0/0 15:42 3:00 0:00
Players Stats for Predators
Player Name G A P +/- PIM S H SB GA TA FO MP PP MP PK MP
------------------------------------------------------------------------------------
Alexander Edler 1 1 2 0 0 4 2 3 1 0 0/0 28:25 0:17 4:04
Alexander Ovechkin 0 3 3 0 0 3 3 0 3 1 2/4 20:49 0:39 1:24
Andy Miele 1 0 1 -1 0 4 1 0 0 0 18/31 21:26 0:10 4:05
Brad Boyes 0 0 0 0 2 0 1 1 1 0 0/0 14:25 0:00 0:46
Byron Bitz 0 0 0 0 0 0 0 0 0 0 0/0 13:33 0:00 1:49
Chris Higgins 1 0 1 0 2 6 2 0 0 0 0/0 11:43 0:00 0:00
Jack Eichel 1 1 2 1 0 1 1 0 0 2 1/5 13:03 0:29 0:38
Jaden Schwartz 1 0 1 1 0 6 0 0 0 0 0/0 15:53 0:00 1:49
John Moore 0 0 0 0 0 3 0 0 2 0 0/0 20:06 0:22 3:14
Josh Morrissey 0 0 0 0 0 0 0 1 0 0 0/0 12:44 0:00 0:00
Justin Abdelkader 0 0 0 -1 2 0 1 1 2 0 0/0 9:20 0:00 0:00
Justin Faulk 0 0 0 0 2 0 1 0 0 0 0/0 17:04 0:22 0:00
Mark Pysyk 0 0 0 -1 0 1 1 0 0 0 0/1 13:31 0:00 4:05
Mikael Granlund 0 2 2 -1 2 3 1 1 0 0 1/5 18:47 0:39 0:00
Nate Schmidt 0 0 0 0 0 0 1 1 0 0 0/0 16:11 0:00 3:14
Ryan Kesler 0 0 0 1 0 0 0 0 0 0 7/10 13:44 0:00 0:00
Ryan Mcdonagh 0 1 1 0 0 0 1 1 1 1 0/0 28:25 0:17 4:04
Scott Laughton 0 0 0 -1 0 1 1 0 0 0 3/6 8:49 0:00 0:00
3 Stars
1 - Alexander Edler (Nas)
2 - Alexander Ovechkin (Nas)
3 - Jack Eichel (Nas)
Power Play
Kings - 1 on 5 Attempt(s) - 20.00%
Predators - 2 on 2 Attempt(s) - 100.00%
Penalty Kill
Kings - 0 on 2 Attempt(s) - 0.00%
- Score 0 goal in Penalty Kill
Predators - 4 on 5 Attempt(s) - 80.00%
- Score 0 goal in Penalty Kill
Team Stat
Kings - Hits : 19 - Faceoff Wins : 30 - Blocked Shots : 5 - Penalty Minutes : 4
Predators - Hits : 17 - Faceoff Wins : 32 - Blocked Shots : 9 - Penalty Minutes : 10
Official
Referees : Corey Syvret and Conor O'Donnell
Linesman : Michel Cormier and Jonny Murray
Game Notes
No Game Note
Finance
Level 1 -- Attendance: 5776 (96.27%) -- Ticket Income $577,600
Level 2 -- Attendance: 5000 (100.00%) -- Ticket Income $300,000
Level 3 -- Attendance: 2000 (100.00%) -- Ticket Income $70,000
Level 4 -- Attendance: 3620 (90.50%) -- Ticket Income $90,500
Luxury Box -- Attendance: 969 (96.90%) -- Ticket Income $193,800
Game was played at the Bridgestone arena.
Total Attendance: 17365 (96.47%)
Total Ticket Income: $1,231,900
Other Income: $184,785
Total Income: $1,416,685
Kings
5 vs 5 Forward
Center Left Wing Right Wing Time % Phy DF OF
1 Anze Kopitar Jonathan Drouin Joe Pavelski 35 1 2 2
2 Nathan MacKinnon Gabriel Landeskog Mikko Rantanen 35 0 2 3
3 Henrik Sedin Sergei Shirokov Viktor Arvidsson 25 1 2 2
4 Brayden Point Alex Iafallo Tim Connolly 5 1 2 2
5 vs 5 Defense
Defense Defense Time % Phy DF OF
1 Colton Parayko Raphael Diaz 40 2 2 1
2 Seth Jones Aaron Ekblad 30 1 2 2
3 Eric Gryba Nikita Zaitsev 20 1 3 1
4 Aaron Ekblad Colton Parayko 10 1 2 2
PowerPlay Forward
Center Left Wing Right Wing Time % Phy DF OF
1 Nathan MacKinnon Gabriel Landeskog Mikko Rantanen 60 0 1 4
2 Brayden Point Jonathan Drouin Viktor Arvidsson 40 0 1 4
PowerPlay Defense
Defense Defense Time % Phy DF OF
1 Aaron Ekblad Seth Jones 60 1 2 2
2 Colton Parayko Anze Kopitar 40 1 2 2
Penalty Kill 4 Players Forward
Center Wing Time % Phy DF OF
1 Anze Kopitar Joe Pavelski 60 1 3 1
2 Sergei Shirokov Alex Iafallo 40 1 3 1
Penalty Kill 4 Players Defense
Defense Defense Time % Phy DF OF
1 Colton Parayko Nikita Zaitsev 60 2 3 0
2 Eric Gryba Aaron Ekblad 40 2 3 0
Penalty Kill - 3 Players Forward
Forward Time % Phy DF OF
1 Anze Kopitar 60 1 4 0
2 Joe Pavelski 40 1 4 0
Penalty Kill - 3 Players Defense
Defense Defense Time % Phy DF OF
1 Colton Parayko Nikita Zaitsev 60 2 3 0
2 Eric Gryba Aaron Ekblad 40 2 3 0
4 vs 4 Forward
Center Wing Time % Phy DF OF
1 Anze Kopitar Gabriel Landeskog 60 1 2 2
2 Nathan MacKinnon Joe Pavelski 40 1 2 2
4 vs 4 Defense
Defense Defense Time % Phy DF OF
1 Colton Parayko Raphael Diaz 60 1 2 2
2 Seth Jones Aaron Ekblad 40 1 2 2
Last Minutes Offensive
Center Left Wing Right Wing Defense Defense
Anze Kopitar Gabriel Landeskog Joe Pavelski Colton Parayko Raphael Diaz
Last Minutes Defensive
Center Left Wing Right Wing Defense Defense
Anze Kopitar Gabriel Landeskog Joe Pavelski Colton Parayko Raphael Diaz
Goaltenders
Starting : Cory Schneider
Backup : Jonas Gustavsson
Extra Forwards
Normal : Henrik Sedin, Nathan MacKinnon, Anze Kopitar - PP : Joe Pavelski, Henrik Sedin - PK : Gabriel Landeskog
Extra Defensemen
Normal : Aaron Ekblad, Colton Parayko, Nikita Zaitsev - PP : Raphael Diaz - PK : Seth Jones, Raphael Diaz
Penalty Shots
Anze Kopitar, Mikko Rantanen, Viktor Arvidsson, Gabriel Landeskog, Joe Pavelski
Scratches
Derek Boogaard (Healthy), Marek Svatos (Healthy)
Predators
5 vs 5 Forward
Center Left Wing Right Wing Time % Phy DF OF
1 Andy Miele Alexander Ovechkin Mikael Granlund 38 1 1 3
2 Ryan Kesler Jaden Schwartz Brad Boyes 29 1 2 2
3 Jack Eichel Chris Higgins Byron Bitz 18 1 2 2
4 Scott Laughton Justin Abdelkader Mark Pysyk 15 2 1 2
5 vs 5 Defense
Defense Defense Time % Phy DF OF
1 Ryan Mcdonagh Alexander Edler 40 1 2 2
2 John Moore Justin Faulk 30 1 2 2
3 Nate Schmidt Josh Morrissey 20 1 2 2
4 Ryan Mcdonagh Alexander Edler 10 1 2 2
PowerPlay Forward
Center Left Wing Right Wing Time % Phy DF OF
1 Andy Miele Alexander Ovechkin Mikael Granlund 60 1 1 3
2 Ryan Kesler Jaden Schwartz Brad Boyes 40 1 1 3
PowerPlay Defense
Defense Defense Time % Phy DF OF
1 Ryan Mcdonagh Alexander Edler 60 1 1 3
2 John Moore Justin Faulk 40 1 1 3
Penalty Kill 4 Players Forward
Center Wing Time % Phy DF OF
1 Andy Miele Mark Pysyk 60 1 2 2
2 Jaden Schwartz Byron Bitz 40 1 2 2
Penalty Kill 4 Players Defense
Defense Defense Time % Phy DF OF
1 Ryan Mcdonagh Alexander Edler 60 1 2 2
2 John Moore Nate Schmidt 40 1 2 2
Penalty Kill - 3 Players Forward
Forward Time % Phy DF OF
1 Andy Miele 60 1 2 2
2 Jaden Schwartz 40 1 2 2
Penalty Kill - 3 Players Defense
Defense Defense Time % Phy DF OF
1 Ryan Mcdonagh Alexander Edler 60 1 3 1
2 John Moore Nate Schmidt 40 1 3 1
4 vs 4 Forward
Center Wing Time % Phy DF OF
1 Mikael Granlund Alexander Ovechkin 60 1 2 2
2 Ryan Kesler Jaden Schwartz 40 1 2 2
4 vs 4 Defense
Defense Defense Time % Phy DF OF
1 Ryan Mcdonagh Alexander Edler 60 1 2 2
2 John Moore Justin Faulk 40 1 2 2
Last Minutes Offensive
Center Left Wing Right Wing Defense Defense
Andy Miele Alexander Ovechkin Mikael Granlund Ryan Mcdonagh Alexander Edler
Last Minutes Defensive
Center Left Wing Right Wing Defense Defense
Andy Miele Jaden Schwartz Mark Pysyk Ryan Mcdonagh Alexander Edler
Goaltenders
Starting : Jaroslav Halak
Backup : Kari Lehtonen
Extra Forwards
Normal : Jack Eichel, Justin Abdelkader, Mark Pysyk - PP : Jack Eichel, Justin Abdelkader - PK : Brad Boyes
Extra Defensemen
Normal : John Moore, Josh Morrissey, Nate Schmidt - PP : Nate Schmidt - PK : Justin Faulk, Josh Morrissey
Penalty Shots
Alexander Ovechkin, Mikael Granlund, Jaden Schwartz, Ryan Kesler, Ryan Mcdonagh
Scratches
Brendan Gallagher (Lower Body Injury), Chris Lawrence (Healthy), Denis Grebeshkov (Healthy), Mike Brown (Healthy)
% Time on Ice - Kings
Lines # - Real PCT - Wanted PCT - Time Play
Normal Forward
1 - 30% - 35% - 15:17
2 - 31% - 35% - 15:53
3 - 25% - 25% - 12:54
4 - 14% - 5% - 7:08
Normal Defense
1 - 39% - 40% - 20:05
2 - 31% - 30% - 15:42
3 - 23% - 20% - 12:00
4 - 7% - 10% - 3:25
PP Forward
1 - 59% - 60% - 4:18
2 - 41% - 40% - 3:00
PP Defense
1 - 68% - 60% - 4:59
2 - 32% - 40% - 2:19
PK Forward
1 - 26% - 60% - 0:10
2 - 74% - 40% - 0:29
PK Defense
1 - 100% - 60% - 0:39
2 - 0% - 40% - 0:00
PK3 Forward
1 - 0% - 60%
2 - 0% - 40%
PK3 Defense
1 - 0% - 60%
2 - 0% - 40%
44 Forward
1 - 88% - 60% - 2:06
2 - 13% - 40% - 0:18
44 Defense
1 - 88% - 60% - 2:07
2 - 12% - 40% - 0:17
Last Minute Offensive - 0:00
Last Minute Defensive - 0:00
Total
Forward - 61:33
Defense - 61:33
|
% Time on Ice - Predators
Lines # - Real PCT - Wanted PCT - Time Play
Normal Forward
1 - 34% - 38% - 17:11
2 - 27% - 29% - 13:49
3 - 22% - 18% - 11:23
4 - 17% - 15% - 8:49
Normal Defense
1 - 39% - 40% - 20:04
2 - 32% - 30% - 16:18
3 - 24% - 20% - 12:02
4 - 5% - 10% - 2:48
PP Forward
1 - 100% - 60% - 0:39
2 - 0% - 40% - 0:00
PP Defense
1 - 44% - 60% - 0:17
2 - 56% - 40% - 0:22
PK Forward
1 - 75% - 60% - 5:29
2 - 25% - 40% - 1:49
PK Defense
1 - 56% - 60% - 4:04
2 - 44% - 40% - 3:14
PK3 Forward
1 - 0% - 60%
2 - 0% - 40%
PK3 Defense
1 - 0% - 60%
2 - 0% - 40%
44 Forward
1 - 94% - 60% - 2:15
2 - 6% - 40% - 0:09
44 Defense
1 - 64% - 60% - 1:32
2 - 36% - 40% - 0:52
Last Minute Offensive - 0:00
Last Minute Defensive - 0:00
Total
Forward - 61:33
Defense - 61:33
|
Play-by-Play
1st period
0:01 of 1st period - Andy Miele wins face-off versus Anze Kopitar in neutral zone.
1:11 of 1st period - Wrist shot by Brayden Point.
1:11 of 1st period - Stopped by Jaroslav Halak without a rebound.
1:12 of 1st period - Anze Kopitar wins face-off versus Scott Laughton in Predators zone.
1:15 of 1st period - Wrist shot by Joe Pavelski.
1:15 of 1st period - Stopped by Jaroslav Halak with a rebound.
1:27 of 1st period - Snap shot by Jonathan Drouin.
1:27 of 1st period - Stopped by Jaroslav Halak without a rebound.
1:28 of 1st period - Andy Miele wins face-off versus Nathan MacKinnon in Predators zone.
2:34 of 1st period - Justin Faulk is hit by Alex Iafallo.
3:00 of 1st period - Alexander Edler is hit by Mikko Rantanen and loses puck.
3:37 of 1st period - Eric Gryba is hit by Alexander Edler.
3:57 of 1st period - Snap shot by Chris Higgins.
3:57 of 1st period - Stopped by Cory Schneider with a rebound.
3:59 of 1st period - Wrist shot by Chris Higgins.
3:59 of 1st period - Goal by Chris Higgins - Kings : 0 - Predators : 1.
4:00 of 1st period - Andy Miele wins face-off versus Nathan MacKinnon in neutral zone.
4:06 of 1st period - Off-side.
4:07 of 1st period - Andy Miele wins face-off versus Nathan MacKinnon in neutral zone.
4:14 of 1st period - Wrist shot by Mikael Granlund.
4:14 of 1st period - Shot Misses the Net.
5:07 of 1st period - Wrist shot by Andy Miele.
5:07 of 1st period - Stopped by Cory Schneider with a rebound.
5:50 of 1st period - Snap shot by Alexander Ovechkin.
5:50 of 1st period - Stopped by Cory Schneider with a rebound.
6:06 of 1st period - Snap shot by Mikael Granlund.
6:06 of 1st period - Stopped by Cory Schneider with a rebound.
6:32 of 1st period - Wrist shot by Nathan MacKinnon.
6:32 of 1st period - Shot Blocked by Josh Morrissey.
6:34 of 1st period - Wrist shot by Mikko Rantanen.
6:34 of 1st period - Deflect By Nate Schmidt.
6:34 of 1st period - Shot Misses the Net.
6:34 of 1st period - Puck is out of play.
6:35 of 1st period - Ryan Kesler wins face-off versus Anze Kopitar in Predators zone.
7:10 of 1st period - Slapshot by Alexander Edler.
7:10 of 1st period - Stopped by Cory Schneider with a rebound.
7:57 of 1st period - Viktor Arvidsson is hit by Brad Boyes and loses puck.
8:08 of 1st period - Seth Jones is hit by Justin Abdelkader.
8:12 of 1st period - Seth Jones is hit by Alexander Edler.
8:21 of 1st period - Justin Abdelkader is hit by Raphael Diaz and loses puck.
10:37 of 1st period - Chris Higgins is hit by Seth Jones and loses puck.
11:24 of 1st period - Byron Bitz is hit by Alex Iafallo and loses puck.
13:04 of 1st period - Icing by Chris Higgins.
13:05 of 1st period - Scott Laughton wins face-off versus Nathan MacKinnon in Predators zone.
13:10 of 1st period - Snap shot by Scott Laughton.
13:10 of 1st period - Stopped by Cory Schneider without a rebound.
13:11 of 1st period - Scott Laughton wins face-off versus Henrik Sedin in Kings zone.
13:30 of 1st period - Jaden Schwartz is hit by Jonathan Drouin.
14:08 of 1st period - Brad Boyes is hit by Raphael Diaz and loses puck.
14:13 of 1st period - Snap shot by Nathan MacKinnon.
14:13 of 1st period - Stopped by Jaroslav Halak with a rebound.
14:15 of 1st period - Slapshot by Raphael Diaz.
14:15 of 1st period - Deflect By Nathan MacKinnon.
14:15 of 1st period - Shot Misses the Net.
14:15 of 1st period - Puck is out of play.
14:16 of 1st period - Anze Kopitar wins face-off versus Andy Miele in Predators zone.
14:21 of 1st period - Slapshot by Seth Jones.
14:21 of 1st period - Shot Blocked by Mikael Granlund.
14:33 of 1st period - Wrist shot by Mikael Granlund.
14:33 of 1st period - Shot Blocked by Aaron Ekblad.
14:43 of 1st period - Chris Higgins is hit by Sergei Shirokov and loses puck.
14:47 of 1st period - Icing by Justin Faulk.
14:48 of 1st period - Henrik Sedin wins face-off versus Jack Eichel in Predators zone.
14:51 of 1st period - Wrist shot by Viktor Arvidsson.
14:51 of 1st period - Shot Blocked by Alexander Edler.
15:12 of 1st period - Ryan Mcdonagh is hit by Raphael Diaz and loses puck.
15:33 of 1st period - Snap shot by Chris Higgins.
15:33 of 1st period - Stopped by Cory Schneider with a rebound.
15:35 of 1st period - Slapshot by Justin Faulk.
15:35 of 1st period - Shot Misses the Net.
15:37 of 1st period - Slapshot by John Moore.
15:37 of 1st period - Stopped by Cory Schneider without a rebound.
15:38 of 1st period - Joe Pavelski wins face-off versus Andy Miele in Kings zone.
15:53 of 1st period - Wrist shot by Andy Miele.
15:53 of 1st period - Shot Misses the Net.
15:55 of 1st period - Snap shot by Mikael Granlund.
15:55 of 1st period - Shot Blocked by Anze Kopitar.
17:36 of 1st period - Slapshot by Colton Parayko.
17:36 of 1st period - Stopped by Jaroslav Halak without a rebound.
17:37 of 1st period - Scott Laughton wins face-off versus Nathan MacKinnon in Predators zone.
18:13 of 1st period - Slapshot by Gabriel Landeskog.
18:13 of 1st period - Shot Misses the Net.
18:15 of 1st period - Snap shot by Nathan MacKinnon.
18:15 of 1st period - Deflect By Mikko Rantanen.
18:15 of 1st period - Shot Blocked by Justin Abdelkader.
18:15 of 1st period - Puck is out of play.
18:16 of 1st period - Andy Miele wins face-off versus Jonathan Drouin in Predators zone.
19:01 of 1st period - Slapshot by Joe Pavelski.
19:01 of 1st period - Goal by Joe Pavelski - Kings : 1 - Predators : 1.
19:02 of 1st period - Alexander Ovechkin wins face-off versus Nathan MacKinnon in neutral zone.
19:17 of 1st period - Slapshot by Seth Jones.
19:17 of 1st period - Deflect By Gabriel Landeskog.
19:17 of 1st period - Shot Hit the Post.
19:17 of 1st period - Puck is out of play.
19:18 of 1st period - Anze Kopitar wins face-off versus Ryan Kesler in Predators zone.
19:33 of 1st period - Wrist shot by Jaden Schwartz.
19:33 of 1st period - Shot Misses the Net.
19:35 of 1st period - Wrist shot by Jaden Schwartz.
19:35 of 1st period - Shot Misses the Net.
Goals for this period are 1 for Kings vs 1 for Predators.
Shots for this period are 6 for Kings vs 9 for Predators.
2nd period
0:01 of 2nd period - Andy Miele wins face-off versus Anze Kopitar in neutral zone.
0:14 of 2nd period - Seth Jones is hit by Andy Miele and loses puck.
0:41 of 2nd period - Snap shot by Ryan Kesler.
0:41 of 2nd period - Shot Misses the Net.
0:43 of 2nd period - Wrist shot by John Moore.
0:43 of 2nd period - Stopped by Cory Schneider with a rebound.
2:02 of 2nd period - Snap shot by Viktor Arvidsson.
2:02 of 2nd period - Stopped by Jaroslav Halak with a rebound.
2:04 of 2nd period - Backhand shot by Seth Jones.
2:04 of 2nd period - Stopped by Jaroslav Halak without a rebound.
2:05 of 2nd period - Ryan Kesler wins face-off versus Nathan MacKinnon in Predators zone.
2:10 of 2nd period - Slapshot by Justin Faulk.
2:10 of 2nd period - Deflect By Brad Boyes.
2:10 of 2nd period - Shot Misses the Net.
2:10 of 2nd period - Puck is out of play.
2:11 of 2nd period - Ryan Kesler wins face-off versus Nathan MacKinnon in Kings zone.
2:34 of 2nd period - Icing by Mikko Rantanen.
2:35 of 2nd period - Nathan MacKinnon wins face-off versus Andy Miele in Kings zone.
3:06 of 2nd period - Wrist shot by Viktor Arvidsson.
3:06 of 2nd period - Shot Misses the Net.
3:08 of 2nd period - Slapshot by Nikita Zaitsev.
3:08 of 2nd period - Shot Blocked by Alexander Edler.
3:10 of 2nd period - Slapshot by Nikita Zaitsev.
3:10 of 2nd period - Stopped by Jaroslav Halak with a rebound.
3:12 of 2nd period - Snap shot by Sergei Shirokov.
3:12 of 2nd period - Shot Blocked by Alexander Edler.
3:30 of 2nd period - Snap shot by Alex Iafallo.
3:30 of 2nd period - Shot Blocked by Brad Boyes.
3:48 of 2nd period - Snap shot by Chris Higgins.
3:48 of 2nd period - Stopped by Cory Schneider with a rebound.
4:18 of 2nd period - Wrist shot by Joe Pavelski.
4:18 of 2nd period - Stopped by Jaroslav Halak without a rebound.
4:19 of 2nd period - Henrik Sedin wins face-off versus Scott Laughton in Predators zone.
4:26 of 2nd period - Backhand shot by Viktor Arvidsson.
4:26 of 2nd period - Shot Blocked by Nate Schmidt.
5:13 of 2nd period - Jack Eichel is hit by Gabriel Landeskog and loses puck.
5:20 of 2nd period - Mikko Rantanen is hit by Ryan Mcdonagh and loses puck.
6:00 of 2nd period - Snap shot by Mikael Granlund.
6:00 of 2nd period - Deflect By Alexander Ovechkin.
6:00 of 2nd period - Shot Misses the Net.
6:00 of 2nd period - Puck is out of play.
6:01 of 2nd period - Alexander Ovechkin wins face-off versus Anze Kopitar in Kings zone.
6:12 of 2nd period - Wrist shot by Alexander Ovechkin.
6:12 of 2nd period - Stopped by Cory Schneider without a rebound.
6:13 of 2nd period - Jonathan Drouin wins face-off versus Andy Miele in Kings zone.
6:13 of 2nd period - Jonathan Drouin is hit by Alexander Ovechkin.
6:36 of 2nd period - Icing by Alexander Edler.
6:37 of 2nd period - Andy Miele wins face-off versus Nathan MacKinnon in Predators zone.
6:48 of 2nd period - Wrist shot by Jaden Schwartz.
6:48 of 2nd period - Shot Misses the Net.
6:50 of 2nd period - Wrist shot by Jaden Schwartz.
6:50 of 2nd period - Shot Misses the Net.
6:52 of 2nd period - Snap shot by Alexander Edler.
6:52 of 2nd period - Stopped by Cory Schneider without a rebound.
6:53 of 2nd period - Joe Pavelski wins face-off versus Alexander Ovechkin in Kings zone.
6:53 of 2nd period - Joe Pavelski is hit by Alexander Ovechkin.
7:03 of 2nd period - Snap shot by Raphael Diaz.
7:03 of 2nd period - Stopped by Jaroslav Halak with a rebound.
7:05 of 2nd period - Minor Penalty to Justin Faulk for Holding.
7:06 of 2nd period - Andy Miele wins face-off versus Nathan MacKinnon in Predators zone.
7:49 of 2nd period - Jaden Schwartz is hit by Viktor Arvidsson and loses puck.
9:05 of 2nd period - Penalty to Justin Faulk is over, Justin Faulk is back on ice.
10:12 of 2nd period - Off-side.
10:13 of 2nd period - Ryan Kesler wins face-off versus Henrik Sedin in neutral zone.
10:38 of 2nd period - Chris Higgins is hit by Nathan MacKinnon and loses puck.
10:59 of 2nd period - Wrist shot by Mikael Granlund.
10:59 of 2nd period - Shot Misses the Net.
11:01 of 2nd period - Slapshot by Andy Miele.
11:01 of 2nd period - Shot Misses the Net.
11:30 of 2nd period - Wrist shot by Anze Kopitar.
11:30 of 2nd period - Stopped by Jaroslav Halak without a rebound.
11:31 of 2nd period - Anze Kopitar wins face-off versus Ryan Kesler in Predators zone.
11:32 of 2nd period - Snap shot by Jonathan Drouin.
11:32 of 2nd period - Stopped by Jaroslav Halak without a rebound.
11:33 of 2nd period - Joe Pavelski wins face-off versus Andy Miele in Predators zone.
11:34 of 2nd period - Snap shot by Anze Kopitar.
11:34 of 2nd period - Shot Misses the Net.
11:36 of 2nd period - Wrist shot by Anze Kopitar.
11:36 of 2nd period - Shot Misses the Net.
11:38 of 2nd period - Snap shot by Anze Kopitar.
11:38 of 2nd period - Stopped by Jaroslav Halak without a rebound.
11:39 of 2nd period - Nathan MacKinnon wins face-off versus Andy Miele in Predators zone.
14:31 of 2nd period - Slapshot by Tim Connolly.
14:31 of 2nd period - Stopped by Jaroslav Halak with a rebound.
14:53 of 2nd period - Backhand shot by Jaden Schwartz.
14:53 of 2nd period - Stopped by Cory Schneider with a rebound.
15:08 of 2nd period - Minor Penalty to Justin Abdelkader for Slashing.
15:09 of 2nd period - Andy Miele wins face-off versus Nathan MacKinnon in Predators zone.
15:19 of 2nd period - Snap shot by Nathan MacKinnon.
15:19 of 2nd period - Stopped by Jaroslav Halak with a rebound.
15:21 of 2nd period - Slapshot by Nathan MacKinnon.
15:21 of 2nd period - Goal by Nathan MacKinnon - Kings : 2 - Predators : 1.
15:22 of 2nd period - Anze Kopitar wins face-off versus Andy Miele in neutral zone.
15:28 of 2nd period - Minor Penalty to Mikael Granlund for High sticking.
15:29 of 2nd period - Nathan MacKinnon wins face-off versus Mark Pysyk in Predators zone.
15:39 of 2nd period - Slapshot by Mark Pysyk.
15:39 of 2nd period - Shot Blocked by Seth Jones.
16:36 of 2nd period - Minor Penalty to Colton Parayko for Hooking.
16:37 of 2nd period - Jack Eichel wins face-off versus Anze Kopitar in Kings zone.
16:40 of 2nd period - Wrist shot by Jack Eichel.
16:40 of 2nd period - Goal by Jack Eichel - Kings : 2 - Predators : 2.
16:41 of 2nd period - Gabriel Landeskog wins face-off versus Jack Eichel in neutral zone.
17:28 of 2nd period - Penalty to Mikael Granlund is over, Mikael Granlund is back on ice.
17:35 of 2nd period - Nikita Zaitsev is hit by Jack Eichel and loses puck.
17:54 of 2nd period - Wrist shot by Mikael Granlund.
17:54 of 2nd period - Shot Misses the Net.
17:56 of 2nd period - Slapshot by Alexander Edler.
17:56 of 2nd period - Goal by Alexander Edler - Kings : 2 - Predators : 3.
17:57 of 2nd period - Ryan Kesler wins face-off versus Henrik Sedin in neutral zone.
18:01 of 2nd period - Icing by Colton Parayko.
18:02 of 2nd period - Ryan Kesler wins face-off versus Henrik Sedin in Kings zone.
18:15 of 2nd period - Wrist shot by Jaden Schwartz.
18:15 of 2nd period - Stopped by Cory Schneider with a rebound.
18:29 of 2nd period - Snap shot by Colton Parayko.
18:29 of 2nd period - Stopped by Jaroslav Halak with a rebound.
18:31 of 2nd period - Wrist shot by Nathan MacKinnon.
18:31 of 2nd period - Shot Misses the Net.
18:41 of 2nd period - Snap shot by Mikko Rantanen.
18:41 of 2nd period - Shot Blocked by Ryan Mcdonagh.
18:59 of 2nd period - Snap shot by Alex Iafallo.
18:59 of 2nd period - Stopped by Jaroslav Halak with a rebound.
19:01 of 2nd period - Slapshot by Eric Gryba.
19:01 of 2nd period - Stopped by Jaroslav Halak without a rebound.
19:02 of 2nd period - Andy Miele wins face-off versus Anze Kopitar in Predators zone.
19:38 of 2nd period - Wrist shot by Justin Abdelkader.
19:38 of 2nd period - Shot Misses the Net.
19:40 of 2nd period - Slapshot by John Moore.
19:40 of 2nd period - Stopped by Cory Schneider without a rebound.
19:41 of 2nd period - Nathan MacKinnon wins face-off versus Andy Miele in Kings zone.
19:49 of 2nd period - Off-side.
19:50 of 2nd period - Andy Miele wins face-off versus Nathan MacKinnon in neutral zone.
Goals for this period are 1 for Kings vs 2 for Predators.
Shots for this period are 14 for Kings vs 9 for Predators.
3rd period
0:01 of 3rd period - Andy Miele wins face-off versus Nathan MacKinnon in neutral zone.
0:05 of 3rd period - Off-side.
0:06 of 3rd period - Andy Miele wins face-off versus Nathan MacKinnon in neutral zone.
0:47 of 3rd period - Slapshot by Colton Parayko.
0:47 of 3rd period - Stopped by Jaroslav Halak with a rebound.
1:33 of 3rd period - Wrist shot by Alexander Ovechkin.
1:33 of 3rd period - Shot Blocked by Mikko Rantanen.
1:35 of 3rd period - Backhand shot by Andy Miele.
1:35 of 3rd period - Shot Misses the Net.
1:37 of 3rd period - Slapshot by Alexander Edler.
1:37 of 3rd period - Shot Misses the Net.
1:39 of 3rd period - Slapshot by Ryan Mcdonagh.
1:39 of 3rd period - Deflect By Alexander Ovechkin.
1:39 of 3rd period - Stopped by Cory Schneider with a rebound.
1:41 of 3rd period - Slapshot by Ryan Mcdonagh.
1:41 of 3rd period - Deflect By Mikael Granlund.
1:41 of 3rd period - Stopped by Cory Schneider with a rebound.
1:43 of 3rd period - Wrist shot by Alexander Ovechkin.
1:43 of 3rd period - Shot Misses the Net.
1:45 of 3rd period - Snap shot by Alexander Ovechkin.
1:45 of 3rd period - Shot Misses the Net.
1:47 of 3rd period - Wrist shot by Mikael Granlund.
1:47 of 3rd period - Shot Blocked by Nathan MacKinnon.
1:49 of 3rd period - Wrist shot by Andy Miele.
1:49 of 3rd period - Stopped by Cory Schneider with a rebound.
1:59 of 3rd period - Snap shot by Andy Miele.
1:59 of 3rd period - Stopped by Cory Schneider without a rebound.
2:00 of 3rd period - Ryan Kesler wins face-off versus Anze Kopitar in Kings zone.
2:37 of 3rd period - Slapshot by Seth Jones.
2:37 of 3rd period - Stopped by Jaroslav Halak without a rebound.
2:38 of 3rd period - Henrik Sedin wins face-off versus Jack Eichel in Predators zone.
2:41 of 3rd period - Snap shot by Viktor Arvidsson.
2:41 of 3rd period - Stopped by Jaroslav Halak with a rebound.
2:47 of 3rd period - Slapshot by Nate Schmidt.
2:47 of 3rd period - Shot Misses the Net.
3:05 of 3rd period - Nate Schmidt is hit by Joe Pavelski and loses puck.
3:29 of 3rd period - Tim Connolly is hit by Mark Pysyk and loses puck.
3:48 of 3rd period - Byron Bitz is hit by Seth Jones and loses puck.
3:57 of 3rd period - Henrik Sedin is hit by Justin Faulk and loses puck.
4:40 of 3rd period - Alexander Edler is hit by Henrik Sedin.
5:37 of 3rd period - Minor Penalty to Brad Boyes for Hooking.
5:38 of 3rd period - Andy Miele wins face-off versus Gabriel Landeskog in Predators zone.
7:02 of 3rd period - Wrist shot by Alexander Ovechkin.
7:02 of 3rd period - Shot Misses the Net.
7:37 of 3rd period - Penalty to Brad Boyes is over, Brad Boyes is back on ice.
7:48 of 3rd period - Wrist shot by Sergei Shirokov.
7:48 of 3rd period - Stopped by Jaroslav Halak with a rebound.
7:52 of 3rd period - Snap shot by Sergei Shirokov.
7:52 of 3rd period - Shot Misses the Net.
7:54 of 3rd period - Slapshot by Aaron Ekblad.
7:54 of 3rd period - Stopped by Jaroslav Halak with a rebound.
9:03 of 3rd period - Henrik Sedin is hit by Alexander Ovechkin and loses puck.
9:18 of 3rd period - Henrik Sedin is hit by Nate Schmidt and loses puck.
9:25 of 3rd period - Snap shot by Jaden Schwartz.
9:25 of 3rd period - Stopped by Cory Schneider with a rebound.
9:43 of 3rd period - Snap shot by Gabriel Landeskog.
9:43 of 3rd period - Shot Misses the Net.
9:45 of 3rd period - Slapshot by Mikko Rantanen.
9:45 of 3rd period - Stopped by Jaroslav Halak with a rebound.
10:01 of 3rd period - Slapshot by Raphael Diaz.
10:01 of 3rd period - Shot Misses the Net.
10:03 of 3rd period - Slapshot by Colton Parayko.
10:03 of 3rd period - Stopped by Jaroslav Halak without a rebound.
10:04 of 3rd period - Alex Iafallo wins face-off versus Mikael Granlund in Predators zone.
10:09 of 3rd period - Slapshot by Seth Jones.
10:09 of 3rd period - Deflect By Mikael Granlund.
10:09 of 3rd period - Stopped by Jaroslav Halak with a rebound.
10:11 of 3rd period - Snap shot by Alex Iafallo.
10:11 of 3rd period - Shot Misses the Net.
10:13 of 3rd period - Snap shot by Aaron Ekblad.
10:13 of 3rd period - Shot Misses the Net.
10:15 of 3rd period - Slapshot by Aaron Ekblad.
10:15 of 3rd period - Stopped by Jaroslav Halak with a rebound.
10:17 of 3rd period - Slapshot by Seth Jones.
10:17 of 3rd period - Stopped by Jaroslav Halak without a rebound.
10:18 of 3rd period - Anze Kopitar wins face-off versus Andy Miele in Predators zone.
10:33 of 3rd period - Wrist shot by Anze Kopitar.
10:33 of 3rd period - Shot Misses the Net.
10:35 of 3rd period - Slapshot by Seth Jones.
10:35 of 3rd period - Shot Misses the Net.
10:57 of 3rd period - Wrist shot by Ryan Kesler.
10:57 of 3rd period - Shot Misses the Net.
11:54 of 3rd period - Off-side.
11:55 of 3rd period - Nathan MacKinnon wins face-off versus Alexander Ovechkin in neutral zone.
12:02 of 3rd period - Wrist shot by Gabriel Landeskog.
12:02 of 3rd period - Deflect By Mikko Rantanen.
12:02 of 3rd period - Shot Misses the Net.
12:02 of 3rd period - Puck is out of play.
12:03 of 3rd period - Joe Pavelski wins face-off versus Andy Miele in Predators zone.
12:06 of 3rd period - Snap shot by Anze Kopitar.
12:06 of 3rd period - Shot Misses the Net.
12:08 of 3rd period - Slapshot by Colton Parayko.
12:08 of 3rd period - Stopped by Jaroslav Halak with a rebound.
12:10 of 3rd period - Slapshot by Colton Parayko.
12:10 of 3rd period - Goal by Colton Parayko - Kings : 3 - Predators : 3.
12:11 of 3rd period - Anze Kopitar wins face-off versus Andy Miele in neutral zone.
12:20 of 3rd period - Anze Kopitar is hit by Mikael Granlund and loses puck.
13:02 of 3rd period - Alex Iafallo is hit by Chris Higgins and loses puck.
13:07 of 3rd period - Snap shot by Chris Higgins.
13:07 of 3rd period - Stopped by Cory Schneider with a rebound.
13:09 of 3rd period - Snap shot by Byron Bitz.
13:09 of 3rd period - Shot Misses the Net.
13:11 of 3rd period - Snap shot by Chris Higgins.
13:11 of 3rd period - Stopped by Cory Schneider with a rebound.
13:17 of 3rd period - Minor Penalty to Brayden Point for Hooking.
13:18 of 3rd period - Mikael Granlund wins face-off versus Anze Kopitar in Kings zone.
13:27 of 3rd period - Wrist shot by Andy Miele.
13:27 of 3rd period - Goal by Andy Miele - Kings : 3 - Predators : 4.
13:28 of 3rd period - Anze Kopitar wins face-off versus Andy Miele in neutral zone.
15:25 of 3rd period - Slapshot by Ryan Kesler.
15:25 of 3rd period - Shot Misses the Net.
15:31 of 3rd period - Slapshot by Jaden Schwartz.
15:31 of 3rd period - Stopped by Cory Schneider with a rebound.
15:33 of 3rd period - Slapshot by Nate Schmidt.
15:33 of 3rd period - Deflect By Jaden Schwartz.
15:33 of 3rd period - Shot Misses the Net.
15:33 of 3rd period - Puck is out of play.
15:34 of 3rd period - Henrik Sedin wins face-off versus Scott Laughton in Kings zone.
15:34 of 3rd period - Henrik Sedin is hit by Scott Laughton.
15:44 of 3rd period - Wrist shot by Henrik Sedin.
15:44 of 3rd period - Goal by Henrik Sedin - Kings : 4 - Predators : 4.
15:45 of 3rd period - Andy Miele wins face-off versus Sergei Shirokov in neutral zone.
16:12 of 3rd period - Alexander Edler is hit by Raphael Diaz and loses puck.
16:33 of 3rd period - Slapshot by Justin Faulk.
16:33 of 3rd period - Shot Misses the Net.
16:38 of 3rd period - Off-side.
16:39 of 3rd period - Henrik Sedin wins face-off versus Jack Eichel in neutral zone.
16:39 of 3rd period - Aaron Ekblad is hit by Chris Higgins and loses puck.
17:26 of 3rd period - Minor Penalty to Chris Higgins for Interference.
17:27 of 3rd period - Andy Miele wins face-off versus Gabriel Landeskog in Predators zone.
17:37 of 3rd period - Snap shot by Mark Pysyk.
17:37 of 3rd period - Shot Misses the Net.
17:39 of 3rd period - Slapshot by Mark Pysyk.
17:39 of 3rd period - Stopped by Cory Schneider without a rebound.
17:40 of 3rd period - Nathan MacKinnon wins face-off versus Andy Miele in Kings zone.
17:45 of 3rd period - Slapshot by Seth Jones.
17:45 of 3rd period - Stopped by Jaroslav Halak without a rebound.
17:46 of 3rd period - Andy Miele wins face-off versus Nathan MacKinnon in Predators zone.
17:57 of 3rd period - Andy Miele is hit by Nathan MacKinnon and loses puck.
18:02 of 3rd period - Snap shot by Nathan MacKinnon.
18:02 of 3rd period - Stopped by Jaroslav Halak with a rebound.
19:26 of 3rd period - Penalty to Chris Higgins is over, Chris Higgins is back on ice.
19:37 of 3rd period - Wrist shot by Jaden Schwartz.
19:37 of 3rd period - Stopped by Cory Schneider without a rebound.
19:38 of 3rd period - Andy Miele wins face-off versus Tim Connolly in Kings zone.
19:45 of 3rd period - Snap shot by Mikael Granlund.
19:45 of 3rd period - Shot Misses the Net.
19:47 of 3rd period - Snap shot by Mikael Granlund.
19:47 of 3rd period - Stopped by Cory Schneider with a rebound.
Goals for this period are 2 for Kings vs 1 for Predators.
Shots for this period are 15 for Kings vs 12 for Predators.
Overtime #1
0:01 of 1st overtime period - Anze Kopitar wins face-off versus Mikael Granlund in neutral zone.
0:10 of 1st overtime period - Snap shot by Alexander Ovechkin.
0:10 of 1st overtime period - Shot Misses the Net.
0:12 of 1st overtime period - Snap shot by Alexander Edler.
0:12 of 1st overtime period - Shot Misses the Net.
0:14 of 1st overtime period - Slapshot by Alexander Edler.
0:14 of 1st overtime period - Stopped by Cory Schneider without a rebound.
0:15 of 1st overtime period - Anze Kopitar wins face-off versus Mikael Granlund in Kings zone.
0:49 of 1st overtime period - Icing by Anze Kopitar.
0:50 of 1st overtime period - Anze Kopitar wins face-off versus Mikael Granlund in Kings zone.
1:01 of 1st overtime period - Justin Faulk is hit by Gabriel Landeskog and loses puck.
1:08 of 1st overtime period - Alexander Ovechkin is hit by Gabriel Landeskog.
1:23 of 1st overtime period - Wrist shot by Anze Kopitar.
1:23 of 1st overtime period - Stopped by Jaroslav Halak without a rebound.
1:24 of 1st overtime period - Nathan MacKinnon wins face-off versus Ryan Kesler in Predators zone.
1:33 of 1st overtime period - Snap shot by Jaden Schwartz.
1:33 of 1st overtime period - Goal by Jaden Schwartz - Kings : 4 - Predators : 5.
Goals for this period are 0 for Kings vs 1 for Predators.
Shots for this period are 1 for Kings vs 2 for Predators.